PIO (24 & UNDER)
JASPER COUGARS @ SASKATOON SMOKIN' GUNS
04/15/2030
 
TOP OF THE 1ST
Jasper Cougars batting - Pitching for Saskatoon Smokin' Guns : RHP John Gill
Pitching: RHP John Gill
Batting: RHB Júlio González 0-0: Ball
1-0: Ball
2-0: Called Strike
2-1: Ball
3-1: Foul Ball, location: 2F
3-2: Strikes out swinging
Batting: RHB Félix Sandoval 0-0: Ball
1-0: Foul Ball, location: 2F
1-1: Swinging Strike
1-2: Ball
2-2: Ground out 6-3 (Groundball, 6)
Batting: LHB Iván Soriano 0-0: Foul Ball, location: 2F
0-1: Ball
1-1: DOUBLE (Line Drive, 78D)
Batting: LHB Luis García 0-0: Swinging Strike
0-1: Ball
1-1: Ground out U3 (Groundball, 3)
Top of the 1st over - 0 runs, 1 hit, 0 errors, 1 left on base; Jasper 0 - Saskatoon 0
BOTTOM OF THE 1ST
Saskatoon Smokin' Guns batting - Pitching for Jasper Cougars : RHP Javier Zampieri
Pitching: RHP Javier Zampieri
Batting: RHB Júlio Durán 0-0: Called Strike
0-1: Ball
1-1: Swinging Strike
1-2: Strikes out looking
Batting: RHB Rafael Gonzáles 0-0: Ball
1-0: Ball
2-0: Called Strike
2-1: Ball
3-1: Swinging Strike
3-2: Strikes out looking
Batting: RHB Juan Alvarado 0-0: Ground out 3-1 (Groundball, 34)
Bottom of the 1st over - 0 runs, 0 hits, 0 errors, 0 left on base; Jasper 0 - Saskatoon 0
TOP OF THE 2ND
Jasper Cougars batting - Pitching for Saskatoon Smokin' Guns : RHP John Gill
Batting: RHB Ben Wilson 0-0: Called Strike
0-1: Swinging Strike
0-2: Foul Ball, location: 2F
0-2: Strikes out swinging
Batting: SHB Jerry Young 0-0: Fly out, F7 (Flyball, 78S)
Batting: RHB Brent Allen 0-0: Foul Ball, location: 2F
0-1: SINGLE (Groundball, 34D)
Batting: RHB Alberto Morín 0-0: Ball
1-0: Swinging Strike
1-1: Swinging Strike
1-2: Ball
2-2: Strikes out looking
Top of the 2nd over - 0 runs, 1 hit, 0 errors, 1 left on base; Jasper 0 - Saskatoon 0
BOTTOM OF THE 2ND
Saskatoon Smokin' Guns batting - Pitching for Jasper Cougars : RHP Javier Zampieri
Batting: LHB José Domínguez 0-0: Called Strike
0-1: Called Strike
0-2: Foul Ball, location: 2F
0-2: Ground out 4-3 (Groundball, 34)
Batting: RHB Lyle Johnston 0-0: Called Strike
0-1: Swinging Strike
0-2: Ball
1-2: Ball
2-2: Strikes out swinging
Batting: RHB Luis Suárez 0-0: Foul Ball, location: 2F
0-1: Ball
1-1: Called Strike
1-2: Ball
2-2: Foul Ball, location: 2F
2-2: Strikes out swinging
Bottom of the 2nd over - 0 runs, 0 hits, 0 errors, 0 left on base; Jasper 0 - Saskatoon 0
TOP OF THE 3RD
Jasper Cougars batting - Pitching for Saskatoon Smokin' Guns : RHP John Gill
Batting: RHB Alberto Castillo 0-0: Ball
1-0: Swinging Strike
1-1: Swinging Strike
1-2: Foul Ball, location: 2F
1-2: Strikes out swinging
Batting: RHB Júlio González 0-0: Ball
1-0: Foul Ball, location: 2F
1-1: Ball
2-1: Ball
3-1: Ground out 3-1 (Groundball, 34S)
Pitching: RHP Miguel Reyes
Batting: RHB Félix Sandoval 0-0: Foul Ball, location: 2F
0-1: Ball
1-1: Foul Ball, location: 2F
1-2: Strikes out looking
Top of the 3rd over - 0 runs, 0 hits, 0 errors, 0 left on base; Jasper 0 - Saskatoon 0
BOTTOM OF THE 3RD
Saskatoon Smokin' Guns batting - Pitching for Jasper Cougars : RHP Javier Zampieri
Batting: RHB Mike Ratzlaff 0-0: Ground out 3-1 (Groundball, 34)
Batting: RHB Artie Turner 0-0: Ground out 4-3 (Groundball, 4)
Batting: SHB Mathew Olson 0-0: Swinging Strike
0-1: Ball
1-1: Ball
2-1: Ground out 3-1 (Groundball, 34S)
Bottom of the 3rd over - 0 runs, 0 hits, 0 errors, 0 left on base; Jasper 0 - Saskatoon 0
TOP OF THE 4TH
Jasper Cougars batting - Pitching for Saskatoon Smokin' Guns : RHP Miguel Reyes
Batting: LHB Iván Soriano 0-0: Swinging Strike
0-1: Ball
1-1: Foul Ball, location: 2F
1-2: Ball
2-2: Ball
3-2: SINGLE (Line Drive, 56)
Batting: LHB Luis García 0-0: Ball
1-0: Foul Ball, location: 2F
1-1: SINGLE (Line Drive, 9S)
Iván Soriano to second
Batting: RHB Ben Wilson 0-0: Ball
1-0: Ball
2-0: Called Strike
2-1: Ball
3-1: Foul Ball, location: 2F
3-2: Foul Ball, location: 2F
3-2: Foul Ball, location: 2F
3-2: Base on Balls
Iván Soriano to third
Luis García to second
Batting: SHB Jerry Young 0-0: Called Strike
0-1: Ball
1-1: Called Strike
1-2: Ball
2-2: Fielders Choice at 2nd, 6-4 (Groundball, 6)
Iván Soriano scores
Luis García to third
Batting: RHB Brent Allen 0-0: Ball
1-0: SINGLE (Groundball, 56S) (infield hit)
Luis García scores
Jerry Young to second
Batting: RHB Alberto Morín 0-0: Fly out, F6 (Line Drive, 6M)
Lined into DP, U6 (Line Drive, 6M)
Top of the 4th over - 2 runs, 3 hits, 0 errors, 1 left on base; Jasper 2 - Saskatoon 0
BOTTOM OF THE 4TH
Saskatoon Smokin' Guns batting - Pitching for Jasper Cougars : RHP Javier Zampieri
Batting: RHB Júlio Durán 0-0: Ball
1-0: Ground out 4-3 (Groundball, 4)
Batting: RHB Rafael Gonzáles 0-0: Ball
1-0: Fly out, F8 (Flyball, 8RD)
Batting: RHB Juan Alvarado 0-0: Ball
1-0: Ground out 5-3 (Groundball, 56)
Bottom of the 4th over - 0 runs, 0 hits, 0 errors, 0 left on base; Jasper 2 - Saskatoon 0
TOP OF THE 5TH
Jasper Cougars batting - Pitching for Saskatoon Smokin' Guns : RHP Miguel Reyes
Batting: RHB Alberto Castillo 0-0: Called Strike
0-1: Called Strike
0-2: Hit by Pitch
Batting: RHB Júlio González 0-0: Ball
1-0: Foul Ball, location: 2F
1-1: Ball
2-1: Called Strike
2-2: Ball
Alberto Castillo is caught stealing 2nd base
3-2: Strikes out swinging
Batting: RHB Félix Sandoval 0-0: Ball
1-0: Called Strike
1-1: Ball
2-1: Foul Ball, location: 2F
2-2: Ground out 1-3 (Groundball, 13)
Top of the 5th over - 0 runs, 0 hits, 0 errors, 0 left on base; Jasper 2 - Saskatoon 0
BOTTOM OF THE 5TH
Saskatoon Smokin' Guns batting - Pitching for Jasper Cougars : RHP Javier Zampieri
Batting: LHB José Domínguez 0-0: Ball
1-0: Ground out U3 (Groundball, 3)
Batting: RHB Lyle Johnston 0-0: Fly out, F9 (Flyball, 89M)
Batting: RHB Luis Suárez 0-0: Ball
1-0: Foul Ball, location: 2F
1-1: Fly out, F8 (Flyball, 78D)
Bottom of the 5th over - 0 runs, 0 hits, 0 errors, 0 left on base; Jasper 2 - Saskatoon 0
TOP OF THE 6TH
Jasper Cougars batting - Pitching for Saskatoon Smokin' Guns : RHP Miguel Reyes
Pitching: RHP Iván López
Batting: LHB Iván Soriano 0-0: Foul Ball, location: 2F
0-1: Ball
1-1: Swinging Strike
1-2: Ball
2-2: Ground out U3 (Groundball, 34)
Batting: LHB Luis García 0-0: Foul Ball, location: 2F
0-1: Ball
1-1: Called Strike
1-2: Ball
2-2: Strikes out swinging
Batting: RHB Ben Wilson 0-0: Fly out, F3 (Flyball, 3D)
Top of the 6th over - 0 runs, 0 hits, 0 errors, 0 left on base; Jasper 2 - Saskatoon 0
BOTTOM OF THE 6TH
Saskatoon Smokin' Guns batting - Pitching for Jasper Cougars : RHP Javier Zampieri
Batting: RHB Mike Ratzlaff 0-0: Ball
1-0: Called Strike
1-1: Ball
2-1: Ball
3-1: Base on Balls
Batting: RHB Artie Turner 0-0: Ball
1-0: Ball
2-0: Grounds into double play, 6-4-3 (Groundball, 6)
Batting: SHB Mathew Olson 0-0: Foul Ball, location: 2F
0-1: Foul Ball, location: 2F
0-2: Ball
1-2: Ball
2-2: Fly out, F7 (Line Drive, 78M)
Bottom of the 6th over - 0 runs, 0 hits, 0 errors, 0 left on base; Jasper 2 - Saskatoon 0
TOP OF THE 7TH
Jasper Cougars batting - Pitching for Saskatoon Smokin' Guns : RHP Iván López
Batting: SHB Jerry Young 0-0: Foul Ball, location: 2F
0-1: Ball
1-1: Swinging Strike
1-2: Foul Ball, location: 2F
1-2: Strikes out swinging
Batting: RHB Brent Allen 0-0: Ball
1-0: Ball
2-0: Ground out 3-1 (Groundball, 34)
Batting: RHB Alberto Morín 0-0: Hit by Pitch
Batting: RHB Alberto Castillo 0-0: Hit by Pitch
Alberto Morín to second
Pinch Hitting: SHB Kel Davis 0-0: Hit by Pitch
Alberto Morín to third
Alberto Castillo to second
Pinch Hitting: LHB John Miller 0-0: SINGLE (Line Drive, 34)
Alberto Morín scores
Alberto Castillo to third
Kel Davis to second
Runner from 3rd tries for Home, SAFE, no throw
Pitching: LHP Ray Karl
Batting: LHB Iván Soriano 0-0: Ball
1-0: Foul Ball, location: 2F
1-1: Foul Ball, location: 2F
1-2: Strikes out swinging
Top of the 7th over - 2 runs, 1 hit, 0 errors, 2 left on base; Jasper 4 - Saskatoon 0
BOTTOM OF THE 7TH
Saskatoon Smokin' Guns batting - Pitching for Jasper Cougars : RHP Javier Zampieri
Now at 1B: Richie Sawyer
Now at SS: Kel Davis
Batting: RHB Júlio Durán 0-0: Ball
1-0: Ground out 6-3 (Groundball, 6)
Batting: RHB Rafael Gonzáles 0-0: Called Strike
0-1: Ball
1-1: Called Strike
1-2: Ball
2-2: Strikes out swinging
Batting: RHB Juan Alvarado 0-0: Ball
1-0: Ball
2-0: Foul Ball, location: 2F
2-1: Ball
3-1: Called Strike
3-2: Foul Ball, location: 2F
3-2: Foul Ball, location: 2F
3-2: Foul Ball, location: 2F
3-2: Foul Ball, location: 2F
3-2: Foul Ball, location: 2F
3-2: Strikes out looking
Bottom of the 7th over - 0 runs, 0 hits, 0 errors, 0 left on base; Jasper 4 - Saskatoon 0
TOP OF THE 8TH
Jasper Cougars batting - Pitching for Saskatoon Smokin' Guns : LHP Ray Karl
Batting: LHB Luis García 0-0: Ground out 4-3 (Groundball, 4S)
Batting: RHB Ben Wilson 0-0: Ground out 6-3 (Groundball, 6)
Batting: SHB Jerry Young 0-0: Swinging Strike
0-1: Ball
1-1: Swinging Strike
1-2: Ball
2-2: Foul Ball, location: 2F
2-2: Foul Ball, location: 2F
2-2: Foul Ball, location: 2F
2-2: Ball
3-2: Base on Balls
Batting: RHB Brent Allen 0-0: Ball
1-0: Ball
2-0: Ground out 4-3 (Groundball, 4)
Top of the 8th over - 0 runs, 0 hits, 0 errors, 1 left on base; Jasper 4 - Saskatoon 0
BOTTOM OF THE 8TH
Saskatoon Smokin' Guns batting - Pitching for Jasper Cougars : RHP Javier Zampieri
Batting: LHB José Domínguez 0-0: Called Strike
0-1: Ball
1-1: Fly out, F3 (Line Drive, 34)
Batting: RHB Lyle Johnston 0-0: Called Strike
0-1: Called Strike
0-2: Ball
1-2: Foul Ball, location: 2F
1-2: Strikes out swinging
Batting: RHB Luis Suárez 0-0: Ball
1-0: Fly out, F8 (Line Drive, 8LM)
Bottom of the 8th over - 0 runs, 0 hits, 0 errors, 0 left on base; Jasper 4 - Saskatoon 0
TOP OF THE 9TH
Jasper Cougars batting - Pitching for Saskatoon Smokin' Guns : LHP Ray Karl
Batting: RHB Alberto Morín 0-0: Ball
1-0: Called Strike
1-1: Foul Ball, location: 2F
1-2: Strikes out looking
Batting: RHB Alberto Castillo 0-0: DOUBLE (Line Drive, 7LS)
Batting: SHB Kel Davis 0-0: Called Strike
0-1: Ball
1-1: Swinging Strike
1-2: Ball
2-2: Ball
3-2: Base on Balls
Batting: RHB Richie Sawyer 0-0: SINGLE (Groundball, 34D)
Alberto Castillo to third
Kel Davis to second
Runner from 3rd tries for Home, SAFE, no throw
Batting: LHB Iván Soriano 0-0: Called Strike
0-1: Swinging Strike
0-2: Ball
1-2: Foul Ball, location: 2F
1-2: Foul Ball, location: 2F
1-2: Ball
2-2: Ball
3-2: Ground out 5-3 (Groundball, 56S)
Kel Davis to third
Richie Sawyer to second
Batting: LHB Luis García 0-0: Ball
1-0: Ball
2-0: Ball
3-0: Called Strike
3-1: Ground out 4-3 (Groundball, 4)
Top of the 9th over - 1 run, 2 hits, 0 errors, 2 left on base; Jasper 5 - Saskatoon 0
BOTTOM OF THE 9TH
Saskatoon Smokin' Guns batting - Pitching for Jasper Cougars : RHP Javier Zampieri
Batting: RHB Mike Ratzlaff 0-0: Called Strike
0-1: Ball
1-1: Ball
2-1: Ball
3-1: Called Strike
3-2: Strikes out looking
Batting: RHB Artie Turner 0-0: Ball
1-0: Fly out, F8 (Flyball, 8LXD)
Batting: SHB Mathew Olson 0-0: Ball
1-0: Ball
2-0: Ball
3-0: Base on Balls
Batting: RHB Júlio Durán 0-0: Swinging Strike
0-1: Ball
1-1: Swinging Strike
1-2: Ground out 4-3 (Groundball, 4)
Bottom of the 9th over - 0 runs, 0 hits, 0 errors, 1 left on base; Jasper 5 - Saskatoon 0
Saturday, April 7th, 2018 - OOTP Baseball 18.8 Build 76